Map: Orbital Shipyard

Players

MCanning - Winner!

  • Race: Protoss Protoss
  • League: Grandmaster

Huntor

  • Race: Zerg Zerg
  • League: Master

VOD

http://www.twitch.tv/mcanning/v/30690643

Description

Time

  • Played on: Dec. 19, 2015, 7:23 a.m.
  • Length: 15:31
Show
View Real Time Build Order
Export as new Build Order

MCanning Protoss - Winner!

Build Orders: Nexus First 

Get SALT Encoding   

  12  0:01  Probe (Chrono Boost)  
  13  0:11  Probe (Chrono Boost)  
  14  0:21  Pylon  
  14  0:22  Probe (Chrono Boost)  
  15  0:40  Probe (Chrono Boost)  
  16  0:50  Probe (Chrono Boost)  
  17  1:00  Nexus  
  17  1:09  Gateway  
  17  1:12  Probe (Chrono Boost)  
  18  1:19  Assimilator  
  18  1:23  Probe (Chrono Boost)  
  18  1:25  Assimilator  
  19  1:33  Probe (Chrono Boost)  
  20  1:44  Probe (Chrono Boost)  
  21  1:54  Probe (Chrono Boost)  
  21  2:00  Cybernetics Core  
  22  2:05  Probe (Chrono Boost)  
  23  2:12  Zealot  
  23  2:15  Probe x2 (Chrono Boost)  
  27  2:25  Probe (Chrono Boost)  
  27  2:26  Probe (Chrono Boost)  
  27  2:29  Pylon  
  29  2:36  Probe (Chrono Boost)  
  31  2:37  Mothership Core (Chrono Boost)  
  31  2:38  Stalker  
  31  2:41  Warp Gate  
  34  2:46  Probe (Chrono Boost)  
  35  2:56  Probe (Chrono Boost)  
  35  2:57  Probe (Chrono Boost)  
  37  3:06  Probe (Chrono Boost)  
  37  3:07  Probe (Chrono Boost)  
  39  3:17  Probe (Chrono Boost)  
  39  3:18  Probe (Chrono Boost)  
  39  3:19  Nexus  
  41  3:22  Pylon  
  41  3:28  Pylon  
  41  3:30  Probe (Chrono Boost)  
  41  3:31  Sentry  
  41  3:32  Probe (Chrono Boost)  
  45  3:40  Probe (Chrono Boost)  
  46  3:42  Probe (Chrono Boost)  
  46  3:46  Robotics Facility  
  47  3:51  Probe (Chrono Boost)  
  47  3:53  Probe (Chrono Boost)  
  49  3:57  Forge  
  49  4:05  Sentry, Probe (Chrono Boost)  
  49  4:07  Probe (Chrono Boost)  
  49  4:08  Assimilator  
  53  4:13  Pylon, Assimilator  
  53  4:14  Pylon  
  53  4:16  Probe (Chrono Boost)  
  54  4:18  Probe (Chrono Boost)  
  54  4:23  Pylon  
  55  4:26  Pylon  
  55  4:35  Pylon  
  55  4:36  Probe (Chrono Boost)  
  56  4:40  Gateway  
  56  4:41  Gateway  
  56  4:44  Probe (Chrono Boost)  
  57  4:48  Probe x2 (Chrono Boost)  
  57  4:51  Pylon  
  59  4:53  Probe (Chrono Boost), Pylon  
  59  4:55  Pylon, Warp Prism (Chrono Boost)  
  59  4:56  Protoss Ground Weapons Level 1  
  59  4:57  Probe  
  63  5:04  Probe  
  64  5:10  Pylon  
  64  5:17  Gateway  
  64  5:18  Probe  
  64  5:20  Gateway  
  65  5:21  Robotics Bay  
  65  5:26  Sentry  
  65  5:27  Observer (Chrono Boost)  
  68  5:32  Pylon  
  68  5:35  Probe  
  68  5:37  Probe  
  68  5:42  Probe  
  70  5:43  Pylon  
  70  5:44  Pylon  
  71  5:51  Gateway, Observer (Chrono Boost), Probe  
  71  5:53  Gateway  
  73  5:57  Zealot x3  
  73  5:58  Twilight Council  
  79  6:11  Probe  
  80  6:13  Zealot  
  80  6:17  Assimilator  
  82  6:19  Zealot x2  
  82  6:20  Zealot x2  
  82  6:22  Assimilator  
  82  6:23  Disruptor (Chrono Boost)  
  93  6:27  Probe  
  93  6:31  Probe  
  94  6:34  Blink (Chrono Boost)  
  94  6:35  Pylon  
  95  6:43  Probe  
  96  6:48  Dark Shrine, Pylon  
  96  6:50  Pylon  
  96  6:54  Zealot x4  
  96  6:55  Zealot  
  104  7:01  Stargate  
  104  7:02  Stargate  
  104  7:03  Stargate  
  90  7:13  Disruptor  
  83  7:20  Zealot  
  83  7:21  Zealot x3  
  91  7:29  Stalker x3  
  97  7:32  Probe  
  97  7:35  Probe  
  99  7:39  Photon Cannon  
  99  7:41  Photon Cannon  
  99  7:43  Photon Cannon  
  99  7:45  Stalker x4  
  107  7:54  Phoenix (Chrono Boost)  
  107  7:55  Phoenix (Chrono Boost)  
  107  7:56  Phoenix (Chrono Boost)  
  99  8:15  Zealot  
  99  8:16  Zealot x2  
  99  8:18  Mothership Core  
  88  8:22  Zealot  
  88  8:23  Zealot x2  
  80  8:27  Dark Templar  
  80  8:28  Dark Templar  
  80  8:32  Phoenix (Chrono Boost)  
  84  8:37  Gateway  
  84  8:38  Photon Cannon  
  84  8:41  Zealot, Pylon  
  84  8:42  Zealot x3  
  84  8:47  Phoenix (Chrono Boost)  
  94  8:55  Zealot  
  96  8:58  Phoenix (Chrono Boost)  
  96  9:01  Phoenix (Chrono Boost)  
  96  9:05  Nexus  
  93  9:11  Phoenix (Chrono Boost)  
  93  9:16  Fleet Beacon  
  91  9:38  Phoenix (Chrono Boost)  
  91  9:42  Phoenix (Chrono Boost)  
  95  9:50  Pylon  
  95  9:52  Dark Templar  
  97  9:54  Dark Templar  
  99  10:05  Zealot  
  99  10:06  Zealot x3  
  107  10:12  Anion Pulse-Crystals (Chrono Boost)  
  107  10:19  Zealot x2  
  103  10:24  Phoenix  
  105  10:31  Dark Templar  
  107  10:40  Dark Templar, Zealot  
  105  10:43  Probe  
  104  11:10  Dark Templar x2  
  108  11:12  Zealot x3  
  115  11:25  Probe  
  115  11:26  Charge (Chrono Boost)  
  115  11:41  Probe  
  116  11:58  Disruptor (Chrono Boost)  
  116  11:59  Zealot x3  
  116  12:00  Zealot x4  
  130  12:02  Protoss Ground Weapons Level 2 (Chrono Boost)  
  131  12:23  Nexus  
  131  12:25  Pylon  
  131  12:26  Pylon  
  131  12:29  Disruptor  
  131  12:32  Stalker x4  
  131  12:33  Stalker x3  
  148  12:57  Resonating Glaives (Chrono Boost), Dark Templar  
  150  12:58  Dark Templar, Photon Cannon  
  150  13:00  Disruptor, Photon Cannon  
  153  13:07  Stalker  
  153  13:08  Stalker x2  
  157  13:12  Zealot  
  147  13:27  Stalker  
  147  13:28  Stalker  
  147  13:32  Archon  
  130  13:37  Probe  
  130  13:40  Stalker x4  
  130  13:51  Zealot x2  
  130  13:53  Zealot x2  
  121  13:59  Disruptor  
  116  14:07  Assimilator  
  119  14:11  Assimilator  
  119  14:15  Dark Templar x3  
  125  14:19  Dark Templar  
  127  14:30  Disruptor  
  125  14:35  Dark Templar  
  120  14:39  Probe  
  120  14:42  Dark Templar, Zealot x2  
  127  14:47  Archon  
  127  14:55  Zealot  
  127  14:57  Nexus, Archon  
  127  14:58  Pylon  
  129  15:00  Stalker x2  
  135  15:16  Zealot x2  
  135  15:17  Zealot x3  
Show
View Real Time Build Order
Export as new Build Order

Huntor Zerg 

Build Orders: 3 Hatch before Pool 

Get SALT Encoding   

  12  0:00  Drone  
  13  0:12  Overlord  
  13  0:17  Drone  
  14  0:31  Drone x2  
  14  0:35  Drone  
  17  0:53  Hatchery  
  16  0:57  Drone  
  16  0:59  Drone  
  18  1:07  Drone  
  19  1:23  Hatchery  
  18  1:30  Extractor  
  17  1:34  Spawning Pool  
  17  1:36  Drone  
  17  1:39  Drone  
  18  1:42  Drone  
  19  1:49  Overlord  
  19  2:07  Drone  
  20  2:09  Drone  
  20  2:11  Drone  
  22  2:17  Drone  
  22  2:20  Queen  
  22  2:21  Queen  
  27  2:26  Zergling x2  
  28  2:34  Metabolic Boost  
  28  2:39  Queen  
  28  2:42  Drone  
  31  2:45  Drone  
  31  2:48  Drone  
  31  2:49  Zergling x2  
  34  2:51  Zergling x2  
  34  2:55  Drone  
  34  2:56  Drone  
  37  3:00  Drone  
  37  3:01  Drone  
  39  3:06  Overlord  
  39  3:08  Drone  
  39  3:09  Drone  
  39  3:12  Drone  
  42  3:24  Overlord  
  42  3:28  Zergling x6  
  42  3:32  Overlord  
  42  3:33  Zergling x2  
  42  3:34  Zergling x8  
  50  3:44  Zergling x8  
  54  3:48  Overlord  
  54  3:49  Drone x3  
  56  4:03  Drone  
  56  4:04  Drone x7  
  56  4:05  Drone x2  
  64  4:11  Drone  
  64  4:13  Drone  
  66  4:21  Zergling x4  
  63  4:32  Extractor x2  
  63  4:33  Zergling x6  
  63  4:40  Zergling x2  
  63  4:41  Roach Warren, Zergling x4  
  62  4:50  Drone x5  
  64  4:56  Lair  
  64  4:57  Drone x2  
  64  4:58  Drone x2  
  68  5:02  Drone  
  68  5:15  Drone x3  
  68  5:19  Extractor  
  68  5:20  Extractor  
  69  5:21  Extractor  
  69  5:25  Hatchery, Drone x2  
  69  5:26  Drone x6  
  74  5:31  Overlord  
  74  5:40  Overlord x2  
  74  5:52  Overlord  
  74  5:56  Drone x4, Spire  
  78  5:57  Drone  
  78  6:05  Zergling x2  
  78  6:06  Zergling x12  
  78  6:07  Overlord x2  
  78  6:10  Overlord x2  
  85  6:16  Zergling x2  
  86  6:22  Roach x5  
  86  6:23  Roach  
  98  6:32  Overlord  
  99  6:43  Overseer  
  99  6:46  Roach x2  
  99  6:47  Roach x8  
  119  6:52  Hatchery  
  118  6:55  Queen  
  117  7:14  Queen  
  117  7:15  Queen  
  121  7:18  Overlord x2, Mutalisk x2  
  121  7:19  Mutalisk x9  
  121  7:20  Overlord x2  
  143  7:26  Overseer  
  143  7:39  Mutalisk x3  
  143  7:40  Overlord  
  143  7:41  Overlord, Zergling x4  
  143  7:42  Zergling x6  
  154  7:45  Hatchery  
  153  7:52  Mutalisk x2  
  157  8:01  Overlord x2  
  157  8:02  Zergling x8  
  161  8:09  Mutalisk x3  
  165  8:23  Mutalisk x2  
  168  8:32  Drone x3  
  168  8:33  Drone  
  174  8:38  Zergling x2  
  174  8:39  Zergling x14  
  182  8:46  Mutalisk  
  184  8:49  Extractor  
  184  8:53  Extractor  
  180  8:58  Hatchery, Roach x2  
  180  8:59  Roach x3  
  180  9:03  Overseer  
  180  9:04  Overseer  
  176  9:10  Roach x3  
  176  9:11  Roach  
  184  9:17  Pneumatized Carapace  
  183  9:31  Overseer  
  183  9:35  Roach  
  183  9:36  Roach x7  
  198  9:39  Overseer  
  198  9:42  Spine Crawler  
  198  9:44  Spine Crawler  
  196  9:49  Overlord  
  196  9:50  Glial Reconstitution  
  196  9:53  Zergling x2  
  196  9:54  Zergling x6  
  200  10:08  Hatchery, Zergling x2  
  175  10:24  Roach  
  175  10:25  Roach x10  
  190  10:28  Spore Crawler  
  190  10:31  Spore Crawler  
  190  10:35  Corruptor x2  
  188  10:41  Corruptor  
  188  10:47  Drone x4  
  188  10:48  Overlord x2  
  191  10:58  Overlord x2  
  183  11:10  Corruptor x4  
  183  11:11  Corruptor  
  185  11:27  Corruptor x3  
  185  11:29  Drone x2  
  185  11:30  Drone x4  
  197  11:46  Spore Crawler  
  192  11:47  Spore Crawler  
  192  11:52  Corruptor  
  192  11:53  Corruptor x3  
  188  12:10  Drone  
  188  12:11  Drone x8  
  188  12:12  Drone  
  198  12:20  Overseer  
  198  12:22  Overseer  
  196  12:34  Overlord  
  196  12:36  Ravager  
  197  12:39  Spine Crawler  
  197  12:40  Spine Crawler  
  197  12:43  Spine Crawler  
  194  12:46  Overlord x3  
  194  12:48  Overseer  
  194  13:02  Overseer  
  194  13:11  Overlord x2  
  158  13:35  Roach  
  158  13:36  Roach x16  
  178  13:52  Roach x3  
  178  13:53  Roach x7  
  162  14:04  Infestation Pit  
  158  14:18  Hatchery  
  154  14:43  Ravager x4  
  154  14:44  Ravager x9  
  154  14:45  Ravager x3  
  169  14:46  Ravager x3  
  169  14:47  Ravager x2  
  169  14:48  Roach x2  
  169  14:49  Roach  
Tags
 
Add a new tag
Caveats
  • Supply blocks, unpowered buildings, or Contaminate may cause inaccurate times.
  • Supply counts are checked every 10 seconds.